 Dungeon Crawl Stone Soup version 0.23.2-40-g277498a001 (webtiles) character file.

Game seed: 17175289637696217976

1337 Araneus the Spear-Bearer (level 8, 0/58 HPs)
             Began as a Demonspawn Fighter on Sept 4, 2019.
             Was an Initiate of Ashenzari.
             Slain by Crazy Yiuf
             ... wielding a +4 quarterstaff of chaos
              (4 damage)
             ... while petrified by Crazy Yiuf
             ... on level 5 of the Dungeon on Sept 11, 2019.
             The game lasted 00:17:55 (3766 turns).

Araneus the Spear-Bearer (Demonspawn Fighter)       Turns: 3766, Time: 00:17:56

Health: 0/58       AC:  0    Str: 19    XL:     8   Next: 35%
Magic:  8/8        EV:  3    Int: 10    God:    Ashenzari [......]
Gold:   258        SH:  0    Dex: 16    Spells: 7/7 levels left

rFire    . . .     SeeInvis .   (weapon currently unavailable)
rCold    . . .     Gourm    .   (shield currently unavailable)
rNeg     + + +     Faith    .   (armour currently unavailable)
rPois    ∞         Spirit   .   (helmet currently unavailable)
rElec    .         Reflect  +   (cloak currently unavailable)
rCorr    .         Harm     .   (gloves currently unavailable)
MR       .....                  (boots currently unavailable)
Stlth    ++........             g - +3 amulet of reflection
HPRegen  0.19/turn              (ring currently unavailable)
MPRegen  0.11/turn              (ring currently unavailable)

@: pig-form (expiring), petrified, very slightly contaminated, invisible, very
quick
A: small, thin skeletal structure 2, rot immunity
a: Curse Item, Renounce Religion


You were on level 5 of the Dungeon.
You worshipped Ashenzari.
Ashenzari was noncommittal.
You were not hungry.
You were a filthy swine.
You visited 2 branches of the dungeon, and saw 6 of its levels.
You also visited: Sewer.

You collected 258 gold pieces.

Inventory:

Hand Weapons
 a - a +0 trident (melded)
Missiles
 m - 8 javelins (quivered)
Armour
 c - a +0 shield (melded)
 n - a +1 cloak (melded)
 u - a +0 pair of gloves (melded)
 x - a +0 plate armour (melded)
Jewellery
 g - a +3 amulet of reflection (around neck)
 q - an uncursed amulet of magic regeneration
 w - a +6 ring of protection (melded)
Wands
 d - a wand of paralysis (5)
Scrolls
 h - 6 scrolls of remove curse
 k - a scroll of teleportation
 o - a scroll of fog
 r - 2 scrolls of blinking {unknown}
 t - a scroll of fear {unknown}
 y - a scroll of identify
Potions
 b - 2 potions of flight {unknown}
 e - 6 potions of heal wounds
 i - 2 potions of curing
 j - a potion of brilliance {unknown}
 l - a potion of lignification {unknown}
 p - 3 potions of might
 s - a potion of ambrosia {unknown}
 v - 2 potions of haste {unknown}
 z - a potion of resistance {unknown}
Comestibles
 f - 11 rations
 A - 2 chunks of flesh


   Skills:
 + Level 3.1 Fighting
 + Level 9.3 Polearms
 * Level 3.0 Armour
 + Level 3.0 Shields


You had 7 spell levels left.
You didn't know any spells.
Your spell library was empty.

Dungeon Overview and Level Annotations

Branches:
Dungeon (5/15)             Temple (1/1) D:4

Altars:
Ashenzari
Cheibriados
Dithmenos
Elyvilon
Fedhas
Gozag
Hepliaklqana
Kikubaaqudgha
Makhleb
Nemelex Xobeh
Ru
Sif Muna
Trog
Uskayaw
Vehumet
Wu Jian
Xom
Yredelemnul
Zin
The Shining One

Annotations:
D:5 Crazy Yiuf


Innate Abilities, Weirdness & Mutations

((You have hoof-like feet.))
You have a moderately thin skeletal structure. (Dex +4, Stealth+)
You are immune to rotting.


Message History

You convulse.
You have turned to stone.
Crazy Yiuf hits you with a +4 quarterstaff of chaos! x2
You convulse.
Crazy Yiuf hits you with a +4 quarterstaff of chaos!
Crazy Yiuf freezes you.
Your transformation is almost over.
Crazy Yiuf hits you with a +4 quarterstaff of chaos!
Crazy Yiuf freezes you.
Crazy Yiuf hits you with a +4 quarterstaff of chaos!
You fade into invisibility!
You are very lightly contaminated with residual magic.
Crazy Yiuf hits you with a +4 quarterstaff of chaos!
Space warps horribly around you!
Crazy Yiuf says, "Snurf!"
Crazy Yiuf hits you with a +4 quarterstaff of chaos!!
* * * LOW HITPOINT WARNING * * *
Crazy Yiuf burns you!
* * * LOW HITPOINT WARNING * * *
Crazy Yiuf hits you with a +4 quarterstaff of chaos!
You die...

#########
#(.......
#########
#######........
###
###.#...##.######
#...##..#.......#
#...gh####......#
## #)..###
##..#.## #. ###
###### #.
########.
#........
##############.
#..............
##############.
##


You could see Crazy Yiuf.

Vanquished Creatures
  Grinder (D:5)
  2 sky beasts (D:5)
  An ogre (D:5)
  A centaur (D:5)
  A big kobold (Sewer)
  2 crimson imps (D:5)
  3 jellies
  An orc priest (D:4)
  A bullfrog skeleton (D:5)
  A hound (D:5)
  Ijyb (D:5)
  4 orc wizards
  3 worker ants
  A howler monkey skeleton (D:5)
  5 adders
  2 river rats (Sewer)
  2 shadow imps (D:5)
  2 oozes (D:2)
  An adder skeleton (D:5)
  2 worms
  4 dart slugs
  7 leopard geckos
  12 orcs
  2 ball pythons
  5 giant cockroaches
  8 goblins
  4 hobgoblins
  2 iguanas
  8 jackals
  11 kobolds
  A quokka (D:2)
  6 bats
  2 frilled lizards
  2 giant cockroach zombies (D:5)
  6 rats
117 creatures vanquished.

Vanquished Creatures (others)
  An orc (D:4)
1 creature vanquished.

Grand Total: 118 creatures vanquished

Notes
Turn   | Place    | Note
-------+----------+-------------------------------------------
     0 | D:1      | Araneus the Demonspawn Fighter began the quest for the Orb.
     0 | D:1      | Reached XP level 1. HP: 18/18 MP: 1/1
    14 | D:1      | Reached skill level 2 in Polearms
   105 | D:1      | Gained mutation: You have large cloven feet. [demonic
                  | ancestry]
   105 | D:1      | Reached XP level 2. HP: 22/24 MP: 2/2
   394 | D:1      | Reached skill level 3 in Polearms
   427 | D:2      | Gained mutation: You have hoof-like feet. [demonic
                  | ancestry]
   427 | D:2      | Reached XP level 3. HP: 29/29 MP: 3/3
   703 | D:2      | Found a shimmering altar of Xom.
   709 | D:2      | Reached skill level 4 in Polearms
   709 | D:2      | Reached XP level 4. HP: 23/35 MP: 4/4
  1062 | D:2      | You fall through a shaft!
  1673 | D:3      | Gained mutation: You are immune to rotting. [demonic
                  | ancestry]
  1673 | D:3      | Reached XP level 5. HP: 26/41 MP: 5/5
  1698 | D:3      | Reached skill level 5 in Polearms
  1775 | D:4      | Found a staircase to the Ecumenical Temple.
  1790 | Temple   | Entered the Ecumenical Temple
  2239 | D:5      | Entered Level 5 of the Dungeon
  2250 | D:5      | Reached XP level 6. HP: 27/47 MP: 6/6
  2259 | D:5      | Reached skill level 6 in Polearms
  2285 | D:5      | Found a blossoming altar of Fedhas.
  2473 | D:5      | Found a glowing drain.
  2488 | Sewer    | Entered a sewer
  2582 | Sewer    | Reached skill level 7 in Polearms
  2582 | Sewer    | Gained mutation: You have a somewhat thin skeletal
                  | structure. (Dex +2, Stealth) [demonic ancestry]
  2582 | Sewer    | Reached XP level 7. HP: 33/52 MP: 7/7
  2617 | Sewer    | Found a white marble altar of Elyvilon.
  2711 | D:5      | Noticed Grinder
  2714 | D:5      | Noticed Ijyb
  2723 | D:5      | Killed Grinder
  2728 | D:5      | Killed Ijyb
  2728 | D:5      | Reached skill level 8 in Polearms
  2998 | D:5      | Gained mutation: You have a moderately thin skeletal
                  | structure. (Dex +4, Stealth+) [demonic ancestry]
  2998 | D:5      | Reached XP level 8. HP: 29/58 MP: 8/8
  3215 | D:5      | Reached skill level 9 in Polearms
  3230 | D:5      | Found a glowing golden altar of the Shining One.
  3237 | D:5      | Found a burning altar of Makhleb.
  3242 | D:5      | Found a radiant altar of Vehumet.
  3253 | D:5      | Found a shadowy altar of Dithmenos.
  3260 | D:5      | Found an ancient bone altar of Kikubaaqudgha.
  3265 | D:5      | Found a basalt altar of Yredelemnul.
  3272 | D:5      | Found a shattered altar of Ashenzari.
  3277 | D:5      | Became a worshipper of Ashenzari the Shackled
  3452 | D:5      | Found a runed translucent door.
  3453 | D:5      | Noticed Crazy Yiuf
  3766 | D:5      | Slain by Crazy Yiuf

Skill      XL: |  1  2  3  4  5  6  7  8 |
---------------+-------------------------+-----
Polearms       | 2 3 4 5 7 8 9 |  9.3
Armour         | 3 |  3.0
Shields        | 3 |  3.0
Fighting       | |  3.1

Action                   |  1- 3 |  4- 6 |  7- 9 || total
-------------------------+-------+-------+-------++-------
Melee: Trident           |    96 |   221 |   152 ||   469
       Kick              |    22 |    63 |    42 ||   127
       Unarmed           |       |       |     1 ||     1
  Use: Scroll            |       |     8 |       ||     8
       Potion            |       |       |     1 ||     1
  Eat: Chunk             |       |     6 |     4 ||    10
Armor: Scale mail        |    38 |    15 |       ||    53
       Chain mail        |       |    22 |       ||    22
       Plate armour      |       |    80 |    68 ||   148
Dodge: Dodged            |    22 |    20 |    17 ||    59
Block: Shield            |    35 |   125 |    65 ||   225
       Reflection        |       |     2 |     2 ||     4
